 Dungeon Crawl Stone Soup version 0.30-b1-2-g02819fbbbe (webtiles) character file.

Game seed: 1127440205127486295

1313 Alarkh the Cutter (level 8, -3/57 (63) HPs)
             Began as a Demonspawn Artificer on Nov 24, 2023.
             Slain by a wight
             ... wielding a +2 battleaxe
              (10 damage)
             ... on level 6 of the Dungeon.
             The game lasted 00:05:59 (5470 turns).

Alarkh the Cutter (Demonspawn Artificer)            Turns: 5470, Time: 00:05:59

HP:   -3/57 (63)    AC:  7    Str: 12    XL:     8   Next: 32%
MP:   8/8           EV: 11    Int: 14    God:
Gold: 216           SH:  0    Dex: 18    Spells: 7/7 levels left

rFire   . . .        a - +11 dagger "Fitoxug" {speed, rC+ Dex+3 SInv}
rCold   + . .        (no shield)
rNeg    . . .        b - +0 leather armour
rPois   .            (no helmet)
rElec   .            j - +0 cloak
rCorr   .            (no gloves)
SInv    +            w - +0 pair of boots
Will    .....        (no amulet)
Stlth   +++          (no ring)
HPRegen 0.29/turn    (no ring)
MPRegen 0.11/turn

%: no passive effects
@: drained
A: demonic guardian 1, sharp scales 2, demonic touch 1
a: no special abilities


You were on level 6 of the Dungeon.
You visited 1 branch of the dungeon, and saw 6 of its levels.

You collected 245 gold pieces.
You spent 29 gold pieces at shops.

Inventory:

Hand Weapons
 a - the +11 dagger "Fitoxug" (weapon) {speed, rC+ Dex+3 SInv}
   (You took it off a gnoll on level 5 of the Dungeon)

   Dex:       It affects your dexterity (+3).
   rC:        It protects you from cold.
   SInv:      It lets you see invisible.
Missiles
 h - a throwing net
Armour
 b - a +0 leather armour (worn)
 j - a +0 cloak (worn)
 w - a +0 pair of boots (worn)
Wands
 c - a wand of flame (1) (quivered)
 d - a wand of charming (25)
 e - a wand of iceblast (2)
 f - a wand of polymorph (8)
Scrolls
 i - 2 scrolls of teleportation {unknown}
 m - 2 scrolls of enchant armour {unknown}
 n - a scroll of enchant weapon
 q - 2 scrolls of fog {unknown}
 r - 2 scrolls of identify
 t - a scroll of fear
 u - a scroll of immolation
 v - a scroll of noise
Potions
 g - 2 potions of haste
 k - 2 potions of curing
 l - a potion of heal wounds
 o - a potion of attraction
 p - 3 potions of brilliance
 s - a potion of ambrosia
 x - 3 potions of flight {unknown}


   Skills:
 + Level 5.5 Fighting
 * Level 6.2 Short Blades
 - Level 1.7 Armour
 - Level 0.8 Dodging
 + Level 4.7 Stealth
 - Level 3.0 Evocations


You had 7 spell levels left.
You didn't know any spells.
Your spell library contained the following spells:

 Spells                   Type           Power      Damage    Failure   Level
 Kiss of Death            Conj/Necr      0%         2d5       36%         1
 Confusing Touch          Hex            0%         N/A       73%         3
 Inner Flame              Hex/Fire       0%         N/A       73%         3
 Summon Guardian Golem    Hex/Summ       0%         N/A       73%         3
 Dispel Undead            Necr           0%         3d6       98%         4
 Flame Wave               Conj/Fire      0%         2d4       98%         4
 Sticky Flame             Conj/Fire      0%         2d3       98%         4
 Orb of Destruction       Conj           0%         9d5       100%        7
 Spellforged Servitor     Conj/Summ      0%         N/A       100%        7


Dungeon Overview and Level Annotations

Branches:
Dungeon (6/15)             Temple (0/1) D:6

Altars:
Dithmenos
Okawaru
Trog
Wu Jian

Shops:
D:3 *


Innate Abilities, Weirdness & Mutations

A weak demonic guardian rushes to your aid.
You are mostly covered in razor-sharp scales. (AC +2, Slay +2)
Your touch may inflict minor irresistible damage on your foes.


Message History

The wight is wielding a +3 long sword of freezing.
There are monsters nearby!
There are monsters nearby!
A wight comes into view. It is wielding a +4 falchion.
A wight comes into view. It is wielding a +0 dire flail.
A wight comes into view. It is wielding a +2 battleaxe.
The helpless howler monkey fails to defend itself.
You stick the howler monkey like a pincushion!!!
You kill the howler monkey!
Your Short Blades skill increases to level 6!
You puncture the wight!
You touch the wight!
You destroy the wight!
A hound comes into view.
You puncture the wight!
The wight is heavily damaged.
The wight barely misses you.
The wight hits you with a +0 dire flail!
You feel drained.
You puncture the wight!
You destroy the wight!
Your life force feels restored.
You barely miss the wight. The wight hits you with a +4 falchion!
You feel drained.
You closely miss the wight. Your touch misses the wight. You hit the wight.
Your touch misses the wight.
The wight is moderately damaged.
The wight hits you with a +2 battleaxe!
You feel drained. The wight hits you with a +4 falchion!
You are too injured to fight recklessly!
You are too injured to fight recklessly!
You are too injured to fight recklessly!
You are too injured to fight recklessly!
Okay, then.
The wight attacks as you move away! The wight hits you with a +4 falchion!
* * * LOW HITPOINT WARNING * * *
You feel drained.
* * * LOW HITPOINT WARNING * * *
The wight attacks as you move away! The wight barely misses you.
The wight attacks as you move away! The wight hits you with a +2 battleaxe!
You die...

.### #.###.#.#.#.......
...####.# #..#..#.......
##...#..###.^...#.......
.......#..#######.......
...........#............
....#..#####....).......
.#....## #.....).(....
......######....zz..####
..#........#....@##.#
..#......#.###...## h#
.##......#.###....# ..
.##.._8_.#......#.# ..
#.............#.#.# .
#.##.....#....#.#..
...........####.##.#
#..>..##...# #.# ..
..........## #.# .#


You could see 2 wights.

Vanquished Creatures
  A water moccasin (D:5)
  A black bear (D:5)
  An ogre (D:5)
  A centaur (D:5)
  Blork the orc (D:4)
  A bullfrog (D:4)
  3 scorpions
  2 wights (D:6)
  A howler monkey (D:6)
  7 hounds
  A gnoll bouda (D:5)
  2 iguanas
  7 gnolls
  6 adders
  2 white imps (D:5)
  3 ufetubi
  2 dart slugs
  3 bats (D:1)
  6 endoplasms
  2 giant cockroaches
  7 goblins
  3 hobgoblins
  3 quokkas
  3 ball pythons
  4 frilled lizards
  6 kobolds
  6 rats
85 creatures vanquished.

Notes
Turn   | Place    | Note
-------+----------+-------------------------------------------
     0 | D:1      | Alarkh the Demonspawn Artificer began the quest for the
                  | Orb.
     0 | D:1      | Reached XP level 1. HP: 15/15 MP: 1/1
   187 | D:1      | Gained mutation: Your touch may inflict minor irresistible
                  | damage on your foes. [demonic ancestry]
   187 | D:1      | Reached XP level 2. HP: 12/22 MP: 2/2
   941 | D:2      | Reached XP level 3. HP: 28/28 MP: 3/3
  1002 | D:2      | Found a faded altar of an unknown god.
  1270 | D:2      | Reached skill level 1 in Stealth
  1349 | D:2      | Reached skill level 1 in Short Blades
  1554 | D:3      | Found Zulugoup's Assorted Antiques.
  1559 | D:3      | Bought a scroll labelled AWUGIMMIEDUA for 29 gold pieces
  1998 | D:3      | Found a faded altar of an unknown god.
  2019 | D:3      | Found a shadowy altar of Dithmenos.
  2117 | D:3      | Gained mutation: You are partially covered in razor-sharp
                  | scales. (AC +1, Slay +1) [demonic ancestry]
  2117 | D:3      | Reached XP level 4. HP: 32/35 MP: 4/4
  2420 | D:4      | Reached skill level 2 in Short Blades
  2545 | D:4      | Noticed Blork the orc
  2579 | D:4      | Killed Blork the orc
  2580 | D:4      | Reached XP level 5. HP: 7/41 MP: 5/5
  2698 | D:4      | Reached skill level 3 in Short Blades
  2698 | D:4      | Reached XP level 6. HP: 29/48 MP: 6/6
  3091 | D:4      | Found an iron altar of Okawaru.
  3787 | D:5      | Entered Level 5 of the Dungeon
  3822 | D:5      | Reached skill level 4 in Short Blades
  4003 | D:5      | Noticed a water moccasin
  4009 | D:5      | Killed a water moccasin
  4010 | D:5      | Gained mutation: You are mostly covered in razor-sharp
                  | scales. (AC +2, Slay +2) [demonic ancestry]
  4010 | D:5      | Reached XP level 7. HP: 55/55 MP: 7/7
  4849 | D:5      | Reached skill level 5 in Short Blades
  4856 | D:5      | Reached skill level 5 in Fighting
  5020 | D:6      | Identified the +11 dagger "Fitoxug" {speed, rC+ Dex+3 SInv}
  5237 | D:6      | Found an ornate altar of the Wu Jian Council.
  5244 | D:6      | Found a bloodstained altar of Trog.
  5259 | D:6      | Gained mutation: A weak demonic guardian rushes to your
                  | aid. [demonic ancestry]
  5259 | D:6      | Reached XP level 8. HP: 62/62 MP: 8/8
  5339 | D:6      | Found a staircase to the Ecumenical Temple.
  5460 | D:6      | Reached skill level 6 in Short Blades
  5470 | D:6      | Slain by a wight

Illustrated notes

Levels and vault maps discovered:
D:1:      doesnt_arrival_eight_statues, layout_loops_ring
D:2:      layout_basic, ebering_ecumenical_altar_box, grunt_decor_arrowhead
D:3:      layout_basic, nicolae_overflow_ecumenical_swirl, serial_shops,
          nicolae_shop_hallway_stairs, serial_bayou_ford_a
D:4:      layout_layer_cave, hellmonk_okawaru_the_only_friend_you_need,
          uniq_blork_the_orc
D:5:      layout_cave_pools
D:6:      layout_rooms, chequers_temple_overflow_statue_of_worship,
          temple_pool_b, serial_curves, eino_curves_04, eino_curves_01,
          kennysheep_generic_room_13

Skill      XL: |  1  2  3  4  5  6  7  8 |
---------------+-------------------------+-----
Fighting       | 2 3 4 5 |  5.5
Stealth        | 1 2 3 4 |  4.7
Short Blades   | 1 2 3 4 5 6 |  6.2
Armour         | |  1.7
Dodging        | |  0.8
Evocations     | |  3.0

Action                     |  1- 3 |  4- 6 |  7- 9 || total
---------------------------+-------+-------+-------++-------
  Melee: Dagger            |    79 |       |    23 ||   102
         Club              |     6 |       |       ||     6
         Punch             |     1 |     1 |     2 ||     4
         Touch             |    20 |    15 |    17 ||    52
         Short sword       |    66 |    70 |    30 ||   166
         Rapier            |       |       |    46 ||    46
  Evoke: Wand              |     2 |    12 |     3 ||    17
    Use: Scroll            |     2 |     1 |     7 ||    10
   Stab: Sleeping          |     5 |     1 |     2 ||     8
 Armour: Leather armour    |    51 |    23 |    39 ||   113
  Dodge: Dodged            |    69 |    42 |    70 ||   181
